 Dungeon Crawl Stone Soup version 0.23-a0-704-g7fdf9c5 (webtiles) character file.

63 Lanoc the Skirmisher (level 3, -1/29 HPs)
             Began as a Demonspawn Monk on Jan 14, 2019.
             Slain by a worm (11 damage)
             ... on level 2 of the Dungeon.
             The game lasted 00:02:07 (1078 turns).

Lanoc the Skirmisher (Demonspawn Monk)              Turns: 1078, Time: 00:02:07

Health: -1/29      AC:  4    Str: 12    XL:     3   Next: 89%
Magic:  3/3        EV: 15    Int: 11    God:
Gold:   52         SH:  0    Dex: 19    Spells: 2/2 levels left

rFire    . . .     SeeInvis .   a - +0 falchion
rCold    . . .     Gourm    .   (no shield)
rNeg     . . .     Faith    .   d - +0 leather armour
rPois    .         Spirit   .   (helmet restricted)
rElec    .         Reflect  .   b - +0 cloak
rCorr    .         Harm     .   (no gloves)
MR       .....     Rnd*Tele +   (no boots)
Stlth    ++........             (no amulet)
HPRegen  0.09/turn              i - ring of teleportation (curse)
MPRegen  0.08/turn              j - +4 ring of dexterity

@: no status effects
A: antennae 1, repulsion field 1
a: no special abilities


You were on level 2 of the Dungeon.
You were hungry.

You visited 1 branch of the dungeon, and saw 2 of its levels.

You collected 52 gold pieces.

Inventory:

Hand Weapons
 a - a +0 falchion (weapon)
Armour
 b - a +0 cloak (worn)
 d - a +0 leather armour (worn)
Jewellery
 i - a cursed ring of teleportation (left hand)
 j - a +4 ring of dexterity (right hand)
Scrolls
 e - a scroll of teleportation {unknown}
 f - a scroll of identify {unknown}
 k - a scroll of magic mapping {unknown}
 l - a scroll of amnesia {unknown}
Potions
 g - a potion of agility {unknown}
 h - 3 potions of curing {unknown}
Comestibles
 c - 3 rations


   Skills:
 + Level 3.4 Fighting
 * Level 3.2 Long Blades
 + Level 1.3 Armour
 + Level 3.1 Dodging
 - Level 1.7 Stealth


You had 2 spell levels left.
You didn't know any spells.
Your spell library was empty.

Dungeon Overview and Level Annotations

Branches:
Dungeon (2/15)

Altars:


Innate Abilities, Weirdness & Mutations

You have a pair of small antennae on your head.
You are surrounded by a mild repulsion field. (EV +2)


Message History

You hit the worm.
The worm is severely wounded.
The worm bites you!
A hobgoblin comes into view. It is wielding a +0 club.
You are too injured to fight recklessly!
You are too injured to fight recklessly!
You are too injured to fight recklessly!
You hit the worm.
The worm is severely wounded.
The worm barely misses you.
You hit the worm.
The worm is severely wounded.
The hobgoblin drinks a potion.
The hobgoblin seems to speed up.
You barely miss the worm.
The worm is severely wounded.
The worm closely misses you.
You hit the worm but do no damage.
The worm is severely wounded.
The worm bites you!
You die...

.# ######'#.
#........
#........
#........
#........
#w......#
#######@..g...#
#.............#
#.............#
#.†........####
#.....<....#
#.†........#
#...>......#
#....).....#
############


You could see a worm and a hobgoblin.

Vanquished Creatures
  2 adders (D:2)
  2 oozes (D:1)
  A worm (D:2)
  3 leopard geckos
  6 goblins
  2 hobgoblins (D:1)
  A ball python (D:1)
  2 bats (D:1)
  5 frilled lizards (D:1)
  6 kobolds
  6 rats
36 creatures vanquished.

Notes
Turn   | Place    | Note
-------+----------+-------------------------------------------
     0 | D:1      | Lanoc the Demonspawn Monk began the quest for the Orb.
     0 | D:1      | Reached XP level 1. HP: 18/18 MP: 1/1
   131 | D:1      | Gained mutation: You have a pair of small antennae on your
                  | head. [demonic ancestry]
   131 | D:1      | Reached XP level 2. HP: 17/24 MP: 2/2
   228 | D:1      | Reached skill level 1 in Armour
   682 | D:1      | Gained mutation: You are surrounded by a mild repulsion
                  | field. (EV +2) [demonic ancestry]
   682 | D:1      | Reached XP level 3. HP: 25/29 MP: 3/3
  1078 | D:2      | Slain by a worm

Vault maps used:
D:1:      wheals_arrival_shading, minmay_heptomino_o4
D:2:      cheibrodos_old_hovel

Skill      XL: |  1  2 |
---------------+-------+-----
Armour         | 1 |  1.3
Dodging        | 3 |  3.1
Long Blades    | 3 |  3.2
Fighting       | |  3.4
Stealth        | |  1.7

Action                   || total
-------------------------++-------
Melee: Falchion          ||   120
 Stab: Sleeping          ||     5
Armor: Leather armour    ||    33
Dodge: Dodged            ||    79
       Rpst.: Falchion   ||    19

Table legend:
 A = Non-vault XP
 B = Vault XP
 C = Vault XP percentage of total XP
 D = Non-vault monster count
 E = Vault monster count
 F = Vault count percentage of total count
                 A         B        C        D         E       F
            +---------+---------+-------+---------+---------+-------
      Total |      79 |      12 |  13.2 |      28 |       8 |  22.2
            +---------+---------+-------+---------+---------+-------
        D:1 |      41 |      11 |  21.2 |      21 |       7 |  25.0
        D:2 |      38 |       1 |   2.6 |       7 |       1 |  12.5
            +---------+---------+-------+---------+---------+-------
